 Dungeon Crawl Stone Soup version 0.18-a0-1805-g8ab820f (webtiles) character file.

88 M4edhros the Grave Robber (level 4, -3/27 HPs)
             Began as an Octopode Necromancer on Apr 25, 2016.
             Killed by divine providence
             ... invoked by an orc priest
              (13 damage)
             ... on level 3 of the Dungeon.
             The game lasted 00:16:02 (708 turns).

M4edhros the Grave Robber (Octopode Necromancer)     Turns: 708, Time: 00:16:07

Health: -3/27      AC:  1    Str:  7    XL:     4   Next: 54%
Magic:  3/7        EV: 12    Int: 17    God:
Gold:   70         SH:  0    Dex: 13    Spells: 3 memorised, 2 levels left

rFire  . . .     SeeInvis .       - Unarmed
rCold  . . .     Gourm    .     (no shield)
rNeg   . . .     Faith    +     (helmet restricted)
rPois  .         Spirit   .     d - amulet of faith
rElec  .         Dismiss  .     (no ring)
rCorr  .         Reflect  .     (no ring)
SustAt .         Harm     .     (no ring)
MR     .....                    (no ring)
Stlth  +++.......               (no ring)
                                (no ring)
                                (no ring)
                                (no ring)

@: not resistant to hostile enchantments, fairly stealthy
A: almost no armour, amphibious, 8 rings, constrict 8, camouflage 1, gelatinous
body 1
a: no special abilities


You were on level 3 of the Dungeon.
You were hungry.

You visited 1 branch of the dungeon, and saw 3 of its levels.

You collected 70 gold pieces.

Inventory:

Jewellery
 d - an amulet of faith (around mantle)
Scrolls
 e - a scroll of teleportation {unknown}
 f - a scroll of identify {unknown}
Books
 a - a book of Necromancy

   Spells                             Type                      Level
   a - Pain                           Necromancy                   1
   b - Animate Skeleton               Necromancy                   1
   c - Vampiric Draining              Necromancy                   3
   d - Regeneration                   Charms/Necromancy            3
   e - Animate Dead                   Necromancy                   4
   f - Control Undead                 Necromancy                   4
Comestibles
 b - a bread ration
 c - 7 chunks of flesh
 i - 2 fruits


   Skills:
 - Level 2.0 Dodging
 - Level 2.6 Stealth
 + Level 4.0 Unarmed Combat
 - Level 2.0 Spellcasting
 - Level 4.0 Necromancy


You had 2 spell levels left.
You knew the following spells:

 Your Spells              Type           Power        Failure   Level  Hunger
a - Pain                  Necr           ###.         3%          1    #......
b - Animate Skeleton      Necr           N/A          3%          1    #......
r - Regeneration          Chrm/Necr      #.........   24%         3    ###....


Dungeon Overview and Level Annotations

Branches:
Dungeon (3/15)

Altars:
Trog
Xom


Innate Abilities, Weirdness & Mutations

You cannot wear most types of armour.
You are amphibious.
You can wear up to eight rings at the same time.
You can use your tentacles to constrict eight enemies at once.
Your skin changes colour to match your surroundings (Stealth).
Your rubbery body absorbs attacks (AC +1).


Message History

The orc priest barely misses you.
You closely miss the orc priest. Your grab misses the orc priest.
You squeeze the orc priest.
The orc priest is moderately wounded.
The orc priest misses you.
Your orc skeleton misses the orc priest.
You tentacle-slap the orc priest but do no damage.
You grab the orc priest.
You tentacle-slap the orc priest, but do no damage.
The orc priest is moderately wounded.
You constrict the orc priest, but do no damage.
The orc priest barely misses you.
You barely miss the orc priest.
You squeeze the orc priest, but do no damage.
The orc priest is moderately wounded.
You constrict the orc priest.
Your orc skeleton hits the orc priest with a hand axe.
The orc priest mumbles some strange prayers to Beogh against you.
Beogh smites you!
You die...

********,#..?..........#
*****,*
*J..+...........#
*,,,,,*
****#...........#
*,,,,,** #...........#
*,,,,,,,
#...........#**,,,,,,,
#...........#*,,,,,,,,
#....)......#*,,,,,,,,
#####Z#######*,,,,,,,,
#@#**********+****
#Zo......,,,,,*
#########******


You could see an orc priest, a friendly hound skeleton and a friendly orc
skeleton.

Vanquished Creatures
  A hound (D:3)
  An orc priest (D:3)
  An ooze (D:2)
  A worm (D:2)
  A giant gecko (D:1)
  A giant cockroach (D:1)
  2 goblins (D:1)
  A hobgoblin (D:1)
  4 kobolds
  A quokka (D:3)
  6 bats
  2 giant newts
  2 rats (D:2)
24 creatures vanquished.

Vanquished Creatures (collateral kills)
  2 orcs (D:3)
2 creatures vanquished.

Grand Total: 26 creatures vanquished

Notes
Turn   | Place    | Note
--------------------------------------------------------------
     0 | D:1      | M4edhros the Octopode Necromancer began the quest for the Orb.
     0 | D:1      | Reached XP level 1. HP: 11/11 MP: 3/3
    49 | D:2      | Found a shimmering altar of Xom.
    56 | D:2      | Reached skill level 1 in Unarmed Combat
   117 | D:1      | Reached XP level 2. HP: 5/17 MP: 1/5
   349 | D:2      | Found a bloodstained altar of Trog.
   569 | D:2      | Reached XP level 3. HP: 10/21 MP: 0/6
   572 | D:2      | Learned a level 1 spell: Animate Skeleton
   576 | D:2      | Learned a level 3 spell: Regeneration
   621 | D:3      | Reached XP level 4. HP: 3/27 MP: 1/7
   708 | D:3      | Killed from afar by an orc priest

Vault maps used:
D:1:      dpeg_arrival_connections
D:2:      kennysheep_big_flooded_room, nicolae_overflow_crystal_walls,
          serial_forest, infiniplex_forest_zigzag_2,
          infiniplex_forest_clump_diagonal, infiniplex_forest_clump_medium,
          infiniplex_forest_clump_small, infiniplex_forest_lined_4_way,
          infiniplex_forest_end_2, infiniplex_forest_end_1,
          trog_three_pillars_becter
D:3:      hangedman_decor_points, uniq_jessica

Skill      XL: |  1  2  3  4 |
---------------+-------------+-----
Unarmed Combat | 1 2 3 4 |  4.0
Dodging        | |  2.0
Stealth        | |  2.6
Spellcasting   | |  2.0
Necromancy     | |  4.0

Action                   |  1- 3 |  4- 6 || total
-------------------------+-------+-------++-------
Melee: Unarmed           |    17 |    12 ||    29
       Tentacles         |    10 |     5 ||    15
       Constrict         |     4 |     4 ||     8
       Punch             |       |     1 ||     1
 Cast: Pain              |    38 |     1 ||    39
       Animate Skeleton  |     1 |     2 ||     3
       Regeneration      |       |     2 ||     2
  Use: Potion            |     3 |       ||     3
       Scroll            |     2 |       ||     2
 Stab: Distracted        |       |     1 ||     1
Armor: Skin              |     3 |       ||     3
Dodge: Dodged            |    15 |     4 ||    19
